[ AOE2 MATCH · #479257433 ]
UnrankedBohemians vs Portuguese
[ REPLAY ANALYSIS · EXTRACTED FROM THE RECORDED GAME ]
Feudal
—
Castle
—
Imperial
—
| APM avg | 1.8 |
| APM peak | 1 |
| eAPM avg | 1.8 |
| Villagers / military | 0 / 0 |
Feudal
—
Castle
—
Imperial
—
| APM avg | 22.8 |
| APM peak | 13 |
| eAPM avg | 22.8 |
| Villagers / military | 4 / 0 |
Focus
⚔️ 0.0% · 🌾 100.0%
Feudal
—
Castle
—
Imperial
—
| APM avg | 15.8 |
| APM peak | 9 |
| eAPM avg | 15.8 |
| Villagers / military | 4 / 0 |
Focus
⚔️ 0.0% · 🌾 100.0%
Feudal
—
Castle
—
Imperial
—
| APM avg | 54.3 |
| APM peak | 31 |
| eAPM avg | 22.8 |
| Villagers / military | 4 / 0 |
Focus
⚔️ 0.0% · 🌾 100.0%
Feudal
—
Castle
—
Imperial
—
| APM avg | 1.8 |
| APM peak | 1 |
| eAPM avg | 1.8 |
| Villagers / military | 0 / 0 |
Feudal
—
Castle
—
Imperial
—
| APM avg | 24.5 |
| APM peak | 14 |
| eAPM avg | 22.8 |
| Villagers / military | 0 / 0 |
Focus
⚔️ 0.0% · 🌾 100.0%
Feudal
—
Castle
—
Imperial
—
| APM avg | 15.8 |
| APM peak | 9 |
| eAPM avg | 15.8 |
| Villagers / military | 0 / 0 |
Feudal
—
Castle
—
Imperial
—
| APM avg | 47.3 |
| APM peak | 27 |
| eAPM avg | 21.0 |
| Villagers / military | 5 / 0 |
Focus
⚔️ 0.0% · 🌾 100.0%
Match map
Initial resources + every placement click. Lines = walls · curves = elevation contours. ◆ gold · ⬟ stone · ● berries · ✦ relic · ◌ wall gap
Your base
Sinbad's base
Aczino's base
PVS | Sam's base
FABS's base
Korkor Dial's base
PBILLOTTE's base
PVS | Fiducia's base
Smoothed initial terrain · ◌ = detected wall gap · hover for details
Inputs per minute
— Poulet Grill - - Sinbad
Build order — Poulet Grill
0 actions detected in the replay
Build order — Sinbad
6 actions detected in the replay
| 0:02 | Create | Villager (Male) |
| 0:02 | Create | Villager (Male) |
| 0:02 | Create | Villager (Male) |
| 0:02 | Create | Villager (Male) |
| 0:03 | Build | House |
| 0:05 | Build | House |
Build order — Aczino
6 actions detected in the replay
| 0:05 | Build | House |
| 0:07 | Build | House |
| 0:08 | Create | Villager (Male) |
| 0:08 | Create | Villager (Male) |
| 0:09 | Create | Villager (Male) |
| 0:09 | Create | Villager (Male) |
Build order — PVS | Sam
3 actions detected in the replay
| 0:01 | Create | Villager (Male) ×4 |
| 0:02 | Build | House |
| 0:04 | Build | House |
Build order — FABS
0 actions detected in the replay
Build order — Korkor Dial
2 actions detected in the replay
| 0:18 | Build | House |
| 0:25 | Build | Lumber Camp |
Build order — PBILLOTTE
0 actions detected in the replay
Build order — PVS | Fiducia
7 actions detected in the replay
| 0:06 | Create | Villager (Male) |
| 0:06 | Create | Villager (Male) |
| 0:06 | Create | Villager (Male) |
| 0:08 | Build | House |
| 0:10 | Build | House |
| 0:12 | Create | Villager (Male) |
| 0:12 | Create | Villager (Male) |
Match timeline
| 0:01 | FABS · resign |
[ AI ANALYSIS · 1 CREDIT ]
What really happened in this match?
Wolo.gg analyzes every decision: build order, eco, micro, common mistakes by bracket. Personalized analysis on WhatsApp or Discord in 30 seconds.
Civ guide
Bohemians
Perfil
Jugador #4387352